 Dungeon Crawl Stone Soup version 0.29.1-12-g30fa7ad0bf (webtiles) character file.

Game seed: 17654543293628172441

1199 112233 the Thaumaturge (level 8, -4/45 HPs)
             Began as a Deep Elf Conjurer on Dec 24, 2022.
             Was a Follower of Sif Muna.
             Slain by Duvessa
             ... wielding a +0 short sword
              (8 damage)
             ... on level 5 of the Dungeon.
             The game lasted 00:03:58 (5219 turns).

112233 the Thaumaturge (Deep Elf Conjurer)          Turns: 5219, Time: 00:03:58

Health: -4/45      AC:  3    Str:  4    XL:     8   Next: 20%
Magic:  3/22       EV: 14    Int: 26    God:    Sif Muna [*.....]
Gold:   304        SH:  0    Dex: 13    Spells: 12/23 levels left

rFire   . . .      SeeInvis .   i - +0 quarterstaff
rCold   . . .      Faith    .   (shield currently unavailable)
rNeg    . . .      Spirit   .   a - +0 robe
rPois   .          Reflect  .   n - +0 helmet
rElec   .          Harm     .   h - scarf {shadows}
rCorr   .          Rampage  .   (no gloves)
Will    .....                   (no boots)
Stlth   ++........              (no amulet)
HPRegen 0.15/turn               (no ring)
MPRegen 0.18/turn               (no ring)

@: no status effects
A: no striking features
a: Renounce Religion, Channel Magic


You were on level 5 of the Dungeon.
You worshipped Sif Muna.
Sif Muna was aware of your devotion.
You visited 1 branch of the dungeon, and saw 5 of its levels.

You collected 304 gold pieces.

Inventory:

Hand Weapons
 i - a +0 quarterstaff (weapon)
Armour
 a - a +0 robe (worn)
 g - a scarf of invisibility
 h - a scarf of shadows (worn)
 n - a +0 helmet (worn)
Wands
 k - a wand of flame (22)
Scrolls
 c - a scroll of butterflies {unknown}
 l - 4 scrolls of identify {unknown}
 o - 2 scrolls of enchant armour {unknown}
 r - a scroll of teleportation {unknown}
 s - a scroll of vulnerability {unknown}
 t - a scroll of enchant weapon {unknown}
 v - a scroll of immolation {unknown}
Potions
 b - 2 potions of magic
 d - 3 potions of heal wounds {unknown}
 e - 6 potions of curing {unknown}
 j - a potion of mutation {unknown}
 m - a potion of attraction {unknown}
 q - a potion of berserk rage {unknown}
 u - a potion of lignification {unknown}


   Skills:
 + Level 2.6 Fighting
 + Level 5.5 Dodging
 - Level 2.7 Stealth
 * Level 8.2 Spellcasting
 + Level 6.3 Conjurations
 + Level 4.5 Hexes


You had 12 spell levels left.
You knew the following spells:

 Your Spells              Type           Power      Damage    Failure   Level
a - Magic Dart            Conj           100%       1d8       1%          1
b - Searing Ray           Conj           86%        2d7       1%          2
c - Iskenderun's Mystic   Conj/Tloc      27%        2d7       16%         4
d - Fulminant Prism       Conj/Hex       19%        3d11      6%          4

Your spell library contained the following spells:

 Spells                   Type           Power      Damage    Failure   Level
 Foxfire                  Conj/Fire      100%       2x1d9     1%          1
 Shock                    Conj/Air       100%       1d9       1%          1
 Dazzling Flash           Conj/Hex       76%        N/A       1%          3
 Conjure Flame            Conj/Fire      27%        6-21      4%          3
 Inner Flame              Hex/Fire       22%        N/A       7%          3
 Passwall                 Tmut/Erth      8%         N/A       9%          2
 Flame Wave               Conj/Fire      27%        2d9       16%         4
 Spellforged Servitor     Conj/Summ      13%        N/A       100%        7


Dungeon Overview and Level Annotations

Branches:
Dungeon (5/15)             Temple (0/1) D:4

Altars:
Dithmenos
Sif Muna

Annotations:
D:3 1 runed translucent door, Crazy Yiuf, Sigmund
D:4 exclusion: downstairs
D:5 Dowan, Duvessa


Message History

Casting: Magic Dart (safe; 1% risk of failure)
Confirm with . or Enter, or press ? or * to list all spells.
Aiming: Magic Dart (safe; 1% risk of failure)
Press: ? - help, Shift-Dir - straight line, f - Duvessa
Aim: Duvessa, wielding a +0 short sword and wearing a +0 scale mail (wandering, hasn't noticed you, 100% to hit)
The magic dart hits Duvessa but does no damage.
Duvessa shouts!
You hear a shout!
Duvessa is nearby!
Duvessa is nearby!
Duvessa is nearby!
Unknown command.
Aiming: Polymorph
Press: ? - help, Shift-Dir - straight line, f/p - Duvessa
Aim: Duvessa, wielding a +0 short sword and wearing a +0 scale mail (will become a centaur, a river rat, or a black mamba, chance to affect: 31%) Duvessa easily resists.
Duvessa hits you but does no damage.
Aiming: Polymorph
Press: ? - help, Shift-Dir - straight line, f/p - Duvessa
Aim: Duvessa, wielding a +0 short sword and wearing a +0 scale mail (will become a centaur, a river rat, or a black mamba, chance to affect: 31%) Duvessa easily resists.
Duvessa hits you with a +0 short sword!
* * * LOW HITPOINT WARNING * * *
Unknown command.
Aiming: Polymorph
Press: ? - help, Shift-Dir - straight line, f/p - Duvessa
Aim: Duvessa, wielding a +0 short sword and wearing a +0 scale mail (will become a centaur, a river rat, or a black mamba, chance to affect: 31%) Duvessa easily resists.
Duvessa hits you with a +0 short sword.
* * * LOW HITPOINT WARNING * * *
Unknown command.
Aiming: Polymorph
Press: ? - help, Shift-Dir - straight line, f/p - Duvessa
Aim: Duvessa, wielding a +0 short sword and wearing a +0 scale mail (will become a centaur, a river rat, or a black mamba, chance to affect: 31%) Duvessa easily resists.
The now-empty wand crumbles to dust.
Duvessa misses you.
Unknown command.
You don't have any such object.
Evoke which item? (* to show all) (? for menu, Esc to quit)
Okay, then.
As you read the scroll labelled MISMYJ DALO, it crumbles to dust.
You feel aware of your surroundings.
It was a scroll of magic mapping.
Duvessa hits you with a +0 short sword!
You die...

*....†....#####..##
*.#####.......#..## *>,*
###.........### *,,*
###.........### *,,*
##...##.....##
**,***######..###.......
*,,,,*#...)e.## #.......
*######e######* ##......
*.....†@......* #.......
*.......).....* #.......
*......♣......*##.......
*......*..†...##........
*...♣..*..♣)..#........#
*...♣..*.?♣...#........#
*..,♣♣♣*♣♣♣,..#.......##
*,,,*,,*,,*,,,#.........
*,,,*,,*,,*,,,#.........


You could see Duvessa.

Vanquished Creatures
  Pikel (D:4)
  Prince Ribbit (D:5)
  An orc warrior (D:5)
  A lemure (D:4)
  A scorpion (D:5)
  A howler monkey (D:5)
  A hound (D:5)
  A jelly (D:4)
  An orc priest (D:4)
  Jessica (D:3)
  A gnoll bouda (D:4)
  Ijyb (D:3)
  7 adders
  5 gnolls (D:4)
  An ufetubus (D:4)
  3 worms
  2 dart slugs
  14 orcs
  11 ball pythons
  10 endoplasms
  2 giant cockroaches
  8 goblins
  8 hobgoblins
  6 quokkas
  2 bats
  5 frilled lizards
  8 kobolds
  6 rats
110 creatures vanquished.

Vanquished Creatures (others)
  2 fungi (D:3)
2 creatures vanquished.

Grand Total: 112 creatures vanquished

Notes
Turn   | Place    | Note
-------+----------+-------------------------------------------
     0 | D:1      | 112233 the Deep Elf Conjurer began the quest for the Orb.
     0 | D:1      | Reached XP level 1. HP: 10/10 MP: 6/6
   183 | D:1      | Found a faded altar of an unknown god.
   222 | D:1      | Reached XP level 2. HP: 15/15 MP: 5/8
   225 | D:1      | Learned a level 2 spell: Searing Ray
   803 | D:1      | Reached XP level 3. HP: 19/19 MP: 7/10
  1094 | D:2      | Reached skill level 4 in Spellcasting
  1554 | D:2      | Reached XP level 4. HP: 24/24 MP: 10/12
  2167 | D:3      | Found a shimmering blue altar of Sif Muna.
  2227 | D:3      | Became a worshipper of Sif Muna the Loreminder
  2519 | D:3      | Learned a level 4 spell: Iskenderun's Mystic Blast
  2524 | D:3      | Learned a level 4 spell: Fulminant Prism
  2765 | D:3      | Reached skill level 5 in Conjurations
  2882 | D:3      | Noticed Jessica
  2885 | D:3      | Killed Jessica
  2886 | D:3      | Reached skill level 5 in Spellcasting
  2924 | D:3      | Noticed Ijyb
  2934 | D:3      | Killed Ijyb
  2935 | D:3      | Reached skill level 1 in Hexes
  2935 | D:3      | Reached XP level 5. HP: 28/28 MP: 4/14
  3135 | D:3      | Found a runed translucent door.
  3135 | D:3      | Noticed Sigmund
  3136 | D:3      | Noticed Crazy Yiuf
  3520 | D:4      | Reached skill level 1 in Fighting
  3732 | D:4      | Reached * piety under Sif Muna
  3844 | D:4      | Noticed a lemure
  3844 | D:4      | Noticed a lemure
  3845 | D:4      | Noticed Pikel
  3845 | D:4      | Noticed a lemure
  3873 | D:5      | Entered Level 5 of the Dungeon
  3879 | D:5      | Noticed Dowan
  3885 | D:5      | Reached XP level 6. HP: 32/34 MP: 10/16
  3930 | D:5      | Noticed Duvessa
  4032 | D:4      | Found a staircase to the Ecumenical Temple.
  4215 | D:4      | Reached skill level 6 in Spellcasting
  4399 | D:4      | Killed Pikel
  4400 | D:4      | Reached skill level 5 in Dodging
  4400 | D:4      | Reached skill level 7 in Spellcasting
  4400 | D:4      | Reached XP level 7. HP: 21/40 MP: 5/19
  4917 | D:5      | Found a shadowy altar of Dithmenos.
  4926 | D:5      | Got Giuvvy's Octavo of Gritty Battle Magic
  4961 | D:5      | Noticed Prince Ribbit
  4967 | D:5      | Killed Prince Ribbit
  4971 | D:5      | Reached XP level 8. HP: 37/45 MP: 7/21
  5160 | D:5      | Reached skill level 8 in Spellcasting
  5219 | D:5      | Slain by Duvessa

Illustrated notes

Levels and vault maps discovered:
D:1:      minmay_arrival_floating_metal, layout_basic,
          hellmonk_ecumenical_altar_heavens_door
D:2:      layout_loops_ring, ebering_dispersal_statue_hall,
          kennysheep_generic_room_11
D:3:      layout_loops_ring, nicolae_sif_muna_condensation, uniq_jessica,
          uniq_crazy_yiuf_cottage, uniq_sigmund, uniq_ijyb
D:4:      layout_loops_ring, minmay_temple_entry_fiery, uniq_pikel
D:5:      layout_layer_cave, mainiacjoe_overflow_24_doors,
          kennysheep_generic_room_16, uniq_prince_ribbit1, uniq_duvessa

Skill      XL: |  1  2  3  4  5  6  7  8 |
---------------+-------------------------+-----
Dodging        | 3 4 5 |  5.5
Spellcasting   | 4 5 7 8 |  8.2
Conjurations   | 5 6 |  6.3
Hexes          | 1 2 3 4 |  4.5
Fighting       | 1 2 |  2.6
Stealth        | |  2.7

Action                   |  1- 3 |  4- 6 |  7- 9 || total
-------------------------+-------+-------+-------++-------
 Cast: Magic Dart        |    73 |   119 |    17 ||   209
       Searing Ray       |       |    12 |    10 ||    22
Evoke: Wand              |       |       |     4 ||     4
  Use: Scroll            |       |       |     1 ||     1
Armor: Robe              |       |     3 |     1 ||     4
Dodge: Dodged            |     5 |    17 |    13 ||    35
